 Dungeon Crawl Stone Soup version 0.29-a0-789-g7a8fcbc185 (webtiles) character file.

Game seed: 17785672667334095783

2412 ytrimaz the Cleaver (level 9, -1/70 HPs)
             Began as a Minotaur Berserker on July 2, 2022.
             Was a Priest of Trog.
             Slain by Duvessa
             ... wielding a +0 short sword
              (14 damage)
             ... on level 6 of the Dungeon.
             The game lasted 00:05:50 (5159 turns).

ytrimaz the Cleaver (Minotaur Berserker)            Turns: 5159, Time: 00:05:51

Health: -1/70      AC: 11    Str: 26    XL:     9   Next: 23%
Magic:  8/8        EV: 12    Int:  4    God:    Trog [***...]
Gold:   248        SH:  0    Dex: 10    Spells: 8/8 levels left

rFire   . . .      SeeInvis .   a - +1 hand axe
rCold   . . .      Faith    .   (no shield)
rNeg    . . .      Spirit   .   n - +2 leather armour {Will+}
rPois   .          Reflect  .   (helmet restricted)
rElec   .          Harm     .   l - +2 cloak
rCorr   .          Rampage  .   q - +0 pair of gloves
Will    +++..                   g - +1 pair of boots
Stlth   +.........              (no amulet)
HPRegen 1.21/turn               (no ring)
MPRegen 0.11/turn               (no ring)

@: strong-willed, regenerating
A: horns 2, retaliatory headbutt
a: Renounce Religion, Berserk, Trog's Hand


You were on level 6 of the Dungeon.
You worshipped Trog.
Trog was most pleased with you.
You visited 1 branch of the dungeon, and saw 6 of its levels.

You collected 248 gold pieces.

Inventory:

Hand Weapons
 a - a +1 hand axe (weapon)
 j - a +0 war axe
Armour
 g - a +1 pair of boots (worn)
 l - a +2 cloak (worn)
 m - a +0 chain mail
 n - a +2 leather armour of willpower (worn)
 q - a +0 pair of gloves (worn)
Jewellery
 o - a ring of protection from cold
Wands
 h - a wand of quicksilver (3)
Scrolls
 b - a scroll of summoning
 c - a scroll of teleportation
Potions
 f - a potion of mutation {unknown}
 i - 3 potions of flight
 k - 4 potions of lignification {unknown}
 p - a potion of ambrosia {unknown}


   Skills:
 - Level 3.6 Fighting
 + Level 1.4(1.8) Short Blades
 + Level 1.6(2.0) Long Blades
 - Level 14.0 Axes
 + Level 1.6 Staves
 + Level 1.5 Ranged Weapons
 + Level 1.2 Throwing
 - Level 2.4 Armour
 - Level 2.1 Dodging
 + Level 1.6 Shields
 + Level 1.3 Invocations
 + Level 1.1 Evocations


You had 8 spell levels left.
You didn't know any spells.
Your spell library was empty.

Dungeon Overview and Level Annotations

Branches:
Dungeon (6/15)             Temple (0/1) D:4

Altars:
Elyvilon
Zin
The Shining One

Annotations:
D:6 Duvessa


Innate Abilities, Weirdness & Mutations

You have a pair of horns on your head.
You reflexively headbutt those who attack you in melee.


Message History

Items here: )) [[ †.
You barely miss the howler monkey. Your headbutt misses the howler monkey.
The howler monkey is heavily wounded.
The howler monkey closely misses you. You furiously retaliate!
You headbutt the howler monkey!
You kill the howler monkey!
Trog accepts your kill.
Your skin stops crawling.
You feel less strong-willed.
Items here: ( ))))) [[[ ††††.
Things that are here:
a +0 dagger; a +0 leather armour; an orc corpse You start resting.
You hear the quick rusting of a drain nearby.
Things that are here:
a +0 dagger; a +0 leather armour; an orc corpse
Items here: )) [[ †.
Items here: ( ))))) [[[ ††††.
Okay, then.
Okay, then.
Things that are here:
a +0 flail; an orc corpse You feel a little less mighty now.
Duvessa goes berserk!
Duvessa hits you with a +0 short sword.
You slash Duvessa!
Duvessa is lightly wounded.
Duvessa hits you with a +0 short sword!
You slash Duvessa!
Duvessa is moderately wounded.
Duvessa hits you with a +0 short sword!
* * * LOW HITPOINT WARNING * * *
You closely miss Duvessa.
Duvessa is moderately wounded.
Duvessa hits you with a +0 short sword.
* * * LOW HITPOINT WARNING * * *
Unknown command.
Your skin crawls.
You feel strong-willed. Duvessa hits you with a +0 short sword!
You die...

#......#.....##)
##...........#..)
#.#####...#......###..#
..........#.#........##
#.###......#.##..#..##
#........#...)))..
#..##....#...##)..
#.............#...
#@.....#..#..#####
#e.....#..##..## #
.....#...###)..###
......#....#.......
....................
..........>.....†....
...##.........e...?...
.... #.................
.............


You could see Duvessa (berserk).

Vanquished Creatures
  Grinder (D:3)
  Sigmund (D:6)
  Eustachio (D:4)
  Menkaure (D:4)
  Edmund (D:5)
  A water moccasin (D:4)
  3 ogres
  2 phantoms
  2 scorpions (D:5)
  A necrophage (D:5)
  4 wights (D:6)
  Dowan (D:6)
  A howler monkey (D:6)
  3 hounds
  A jelly (D:6)
  Crazy Yiuf (D:2)
  5 orc priests
  Natasha (twice) (D:4)
  Terence (D:2)
  6 orc wizards (D:6)
  Robin (D:3)
  8 adders
  A white imp (D:6)
  2 ufetubi (D:5)
  A worm (D:3)
  15 orcs
  5 endoplasms
  4 giant cockroaches
  12 goblins
  11 hobgoblins
  4 jackals (D:2)
  3 quokkas
  4 ball pythons
  2 bats (D:1)
  7 frilled lizards
  5 kobolds
  4 rats (D:1)
128 creatures vanquished.

Vanquished Creatures (others)
  A giant cockroach (D:4)
1 creature vanquished.

Grand Total: 129 creatures vanquished

Notes
Turn   | Place    | Note
-------+----------+-------------------------------------------
     0 | D:1      | ytrimaz the Minotaur Berserker began the quest for the Orb.
     0 | D:1      | Reached XP level 1. HP: 19/19 MP: 0/0
   117 | D:1      | Reached skill level 4 in Axes
   255 | D:1      | Reached XP level 2. HP: 26/26 MP: 1/1
   958 | D:2      | Noticed Terence
   966 | D:2      | Reached skill level 5 in Axes
   966 | D:2      | Killed Terence
   967 | D:2      | Reached XP level 3. HP: 28/31 MP: 2/2
  1128 | D:2      | Reached skill level 6 in Axes
  1128 | D:2      | Reached XP level 4. HP: 32/39 MP: 3/3
  1559 | D:2      | Found a runed translucent door.
  1560 | D:2      | Noticed Crazy Yiuf
  1849 | D:2      | Killed Crazy Yiuf
  2271 | D:3      | Reached ** piety under Trog
  2374 | D:3      | Noticed Grinder
  2388 | D:3      | Killed Grinder
  2389 | D:3      | Reached skill level 8 in Axes
  2389 | D:3      | Reached XP level 5. HP: 35/45 MP: 4/4
  2389 | D:3      | Reached XP level 6. HP: 40/51 MP: 5/5
  2448 | D:3      | Noticed Robin
  2469 | D:3      | Killed Robin
  2893 | D:4      | Reached skill level 9 in Axes
  2984 | D:4      | Found a staircase to the Ecumenical Temple.
  3035 | D:4      | Noticed Menkaure
  3042 | D:4      | Killed Menkaure
  3043 | D:4      | Reached XP level 7. HP: 49/57 MP: 6/6
  3101 | D:4      | Found a glowing golden altar of the Shining One.
  3104 | D:4      | Noticed Eustachio
  3122 | D:4      | Killed Eustachio
  3123 | D:4      | Reached skill level 10 in Axes
  3506 | D:4      | Reached skill level 11 in Axes
  3541 | D:4      | Noticed Natasha
  3548 | D:4      | Killed Natasha
  3679 | D:4      | Found a white marble altar of Elyvilon.
  3697 | D:4      | Found a glowing silver altar of Zin.
  3703 | D:4      | Noticed Natasha
  3715 | D:4      | Killed Natasha
  3762 | D:5      | Entered Level 5 of the Dungeon
  3848 | D:5      | Noticed Edmund
  3871 | D:5      | Killed Edmund
  3872 | D:5      | Reached XP level 8. HP: 45/64 MP: 7/7
  4040 | D:5      | Reached skill level 12 in Axes
  4831 | D:6      | Reached skill level 13 in Axes
  4926 | D:6      | Noticed Sigmund
  4937 | D:6      | Killed Sigmund
  4938 | D:6      | Reached skill level 14 in Axes
  4981 | D:6      | Reached XP level 9. HP: 39/66 MP: 8/8
  4985 | D:6      | Reached skill level 1 in Long Blades
  5050 | D:6      | Reached skill level 1 in Staves
  5050 | D:6      | Reached skill level 1 in Shields
  5056 | D:6      | Noticed Dowan
  5059 | D:6      | Noticed Duvessa
  5070 | D:6      | Reached skill level 1 in Short Blades
  5070 | D:6      | Reached skill level 1 in Ranged Weapons
  5079 | D:6      | Reached skill level 1 in Throwing
  5079 | D:6      | Reached skill level 1 in Invocations
  5085 | D:6      | Killed Dowan
  5085 | D:6      | Reached *** piety under Trog
  5088 | D:6      | Reached skill level 1 in Evocations
  5159 | D:6      | Slain by Duvessa

Illustrated notes

Levels and vault maps discovered:
D:1:      nicolae_arrival_memento_mori, layout_basic
D:2:      layout_loops_ring, uniq_crazy_yiuf_cottage, uniq_terence
D:3:      layout_rooms, uniq_robin, uniq_grinder
D:4:      layout_gridville, good_gods_temple_1,
          minmay_temple_entry_statues_fountains, uniq_natasha, uniq_menkaure,
          uniq_eustachio
D:5:      layout_loops_ring, glass_columns_a, uniq_edmund
D:6:      cheibrodos_two_vegetables, layout_cave_pools, gup_sewer_entry_bowl,
          uniq_sigmund, uniq_duvessa

Skill      XL: |  1  2  3  4  5  6  7  8  9 |
---------------+----------------------------+-----
Axes           | 4 5 6 8 9 11 14 | 14.0
Long Blades    | 1 |  1.6
Staves         | 1 |  1.6
Shields        | 1 |  1.6
Short Blades   | 1 |  1.4
Ranged Weapons | 1 |  1.5
Throwing       | 1 |  1.2
Invocations    | 1 |  1.3
Evocations     | 1 |  1.1
Fighting       | |  3.6
Armour         | |  2.4
Dodging        | |  2.1

Action                   |  1- 3 |  4- 6 |  7- 9 || total
-------------------------+-------+-------+-------++-------
Melee: Hand axe          |    43 |    78 |   215 ||   336
       Headbutt          |     4 |    14 |    30 ||    48
       Punch             |       |       |     2 ||     2
Invok: Berserk           |     1 |     2 |     3 ||     6
       Trog's Hand       |       |     2 |    10 ||    12
  Use: Scroll            |     5 |     6 |     3 ||    14
       Potion            |       |       |     4 ||     4
Armor: Animal skin       |    15 |     1 |       ||    16
       Leather armour    |       |    27 |    65 ||    92
       Chain mail        |       |     6 |       ||     6
Dodge: Dodged            |    30 |    57 |   115 ||   202

Table legend: (Time is in decaauts)
 A = Elapsed time spent in this place.
 B = Non-inter-level travel time spent in this place.
 C = Inter-level travel time spent in this place.
 D = Time resting spent in this place.
 E = Time spent auto-exploring this place.
 F = Levels seen in this place.
 G = Mean time per level.
                   A        B        C        D        E       F      G
               +--------+--------+--------+--------+--------+-----+--------+
         Total |   5141 |   5059 |     82 |    323 |   3786 |   6 |  856.8 |
       Dungeon |   5141 |   5059 |     82 |    323 |   3786 |   6 |  856.8 |
               +--------+--------+--------+--------+--------+-----+--------+

Top non-repeatable levels by time:
     D:2: 1347 daAuts
     D:5: 978 daAuts
     D:4: 872 daAuts
     D:3: 838 daAuts
     D:1: 725 daAuts
     D:6: 377 daAuts
